 Dungeon Crawl Stone Soup version 0.28-a0-1227-ga9037bb4c8 (webtiles) character file.

Game seed: 15665526261051586293

13 ytrimaz the Insei (level 2, -3/18 HPs)
             Began as an Octopode Transmuter on Dec 23, 2021.
             Slain by a kobold (6 damage)
             ... on level 1 of the Dungeon.
             The game lasted 00:00:55 (548 turns).

ytrimaz the Insei (Octopode Transmuter)              Turns: 548, Time: 00:00:56

Health: -3/18      AC:  1    Str:  9    XL:     2   Next: 37%
Magic:  4/5        EV: 13    Int: 15    God:
Gold:   8          SH:  0    Dex: 12    Spells: 2/5 levels left

rFire   . . .      SeeInvis .     - Unarmed
rCold   . . .      Faith    .   (no shield)
rNeg    . . .      Spirit   .   (helmet currently unavailable)
rPois   .          Reflect  .   (no amulet)
rElec   .          Harm     .   (no ring)
rCorr   .          Rampage  .   (no ring)
Will    .....                   (no ring)
Stlth   ++........              (no ring)
HPRegen 0.06/turn               (no ring)
MPRegen 0.09/turn               (no ring)
                                (no ring)
                                (no ring)

@: appendages (expiring)
A: tentacle spike 3, almost no armour, amphibious, 8 rings, camouflage 1,
gelatinous body 1, (nimble swimmer 1), tentacles
a: End Transformation


You were on level 1 of the Dungeon.
One of your tentacles had grown a beastly spike.
You visited 1 branch of the dungeon, and saw 1 of its levels.

You collected 8 gold pieces.

Inventory:

Potions
 a - a potion of curing {unknown}


   Skills:
 + Level 1.0 Fighting
 + Level 2.0 Dodging
 + Level 3.5 Unarmed Combat
 + Level 2.0 Spellcasting
 + Level 2.0 Transmutations


You had 2 spell levels left.
You knew the following spells:

 Your Spells              Type           Power      Damage    Failure   Level
a - Beastly Appendage     Tmut           14%        N/A       10%         1
b - Wereblood             Tmut           7%         N/A       14%         2

Your spell library contained the following spells:

 Spells                   Type           Power      Damage    Failure   Level
 Spider Form              Tmut/Pois      4%         N/A       41%         3
 Ice Form                 Ice/Tmut       4%         N/A       82%         4


Dungeon Overview and Level Annotations

Branches:
Dungeon (1/15)

Altars:


Innate Abilities, Weirdness & Mutations

One of your tentacles has grown a beastly spike.
You cannot wear most types of armour.
You are amphibious.
You can wear up to eight rings at the same time.
Your skin changes colour to match your surroundings (Stealth+).
Your rubbery body absorbs attacks. (AC +1, EV +1)
((You are camouflaged when in or above water. (Stealth+)))
You have tentacles for arms and can constrict up to eight enemies at once.


Message History

There are monsters nearby!
There are monsters nearby!
One of your tentacles grows a vicious spike.
The goblin shouts!
The hobgoblin hits you but does no damage.
You tentacle-slap the hobgoblin but do no damage.
You grab the hobgoblin. You constrict the hobgoblin.
You tentacle-slap the hobgoblin.
You kill the hobgoblin!
Your transformation is almost over.
You tentacle-slap the goblin.
You kill the goblin!
You see here a +0 club.
Your tentacle spike disappears.
A kobold comes into view. It is wielding a +0 dagger.
A kobold is nearby!
A kobold is nearby!
A kobold is nearby!
A kobold is nearby!
One of your tentacles grows a vicious spike.
A kobold comes into view. It is wielding a +0 whip.
The kobold shouts! x2
The kobold moves out of view.
The kobold hits you with a +0 dagger. The kobold hits you with a +0 whip.
You barely miss the kobold. You grab the kobold.
You constrict the kobold, but do no damage.
The kobold misses you.
You closely miss the kobold. Your grab misses the kobold.
Your tentacle spike misses the kobold.
You constrict the kobold. The kobold closely misses you. x2
You closely miss the kobold. You grab the kobold.
You constrict the kobold, but do no damage.
You constrict the kobold. The kobold hits you with a +0 whip.
The kobold hits you with a +0 dagger.
* * * LOW HITPOINT WARNING * * *
You tentacle-slap the kobold.
You kill the kobold!
Your transformation is almost over.
You constrict the kobold. The kobold hits you with a +0 whip.
You die...

#........(....#.#.## #.#
#.##...............###.#
#.####..........##.....#
#.####...##..#.#....####
#.#....#.........#....
#.###...#..#.#.....####
#.# #........#.....#
###)###...##.._....+.#
#........#..#)@##.#..#
#.............K#.. #.#
#................
#........#...#.#.#
#......+..#.#...#.#
#......#...........
#......##.#....## .#
#########......# #


You could see a kobold.

Vanquished Creatures
  2 ball pythons (D:1)
  An endoplasm (D:1)
  3 goblins (D:1)
  A hobgoblin (D:1)
  2 quokkas (D:1)
  A kobold (D:1)
  3 rats (D:1)
13 creatures vanquished.

Notes
Turn   | Place    | Note
-------+----------+-------------------------------------------
     0 | D:1      | ytrimaz the Octopode Transmuter began the quest for the
                  | Orb.
     0 | D:1      | Reached XP level 1. HP: 13/13 MP: 3/3
   266 | D:1      | Found a faded altar of an unknown god.
   282 | D:1      | Reached XP level 2. HP: 12/18 MP: 3/5
   300 | D:1      | Learned a level 2 spell: Wereblood
   548 | D:1      | Slain by a kobold

Illustrated notes

Levels and vault maps discovered:
D:1:      psy_arrival_whirlpool, layout_basic, hellmonk_ecumenical_altar_blasted

Action                   || total
-------------------------++-------
Melee: Unarmed           ||    24
       Constrict         ||     7
       Kick              ||     3
       Tentacles         ||     1
 Cast: Beastly Appendage ||     7
Armor: Skin              ||     2
Dodge: Dodged            ||    12

Table legend: (Time is in decaauts)
 A = Elapsed time spent in this place.
 B = Non-inter-level travel time spent in this place.
 C = Inter-level travel time spent in this place.
 D = Time resting spent in this place.
 E = Time spent auto-exploring this place.
 F = Levels seen in this place.
 G = Mean time per level.
                   A        B        C        D        E       F      G
               +--------+--------+--------+--------+--------+-----+--------+
         Total |    546 |    541 |      5 |     14 |    435 |   1 |  546.0 |
       Dungeon |    546 |    541 |      5 |     14 |    435 |   1 |  546.0 |
               +--------+--------+--------+--------+--------+-----+--------+

Top non-repeatable levels by time:
     D:1: 546 daAuts
